 Dungeon Crawl Stone Soup version 0.28.0-45-g0d030f2227 (webtiles) character file.

Game seed: 8319582316741094837

108 Peloso the Skirmisher (level 4, 0/41 HPs)
             Began as a Minotaur Fighter on Apr 18, 2022.
             Slain by a steam dragon (1 damage)
             ... on level 3 of the Dungeon.
             The game lasted 00:03:18 (2142 turns).

Peloso the Skirmisher (Minotaur Fighter)            Turns: 2142, Time: 00:03:20

Health: 0/41       AC:  9    Str: 20    XL:     4   Next: 58%
Magic:  3/3        EV:  7    Int:  5    God:
Gold:   46         SH:  5    Dex: 12    Spells: 3/3 levels left

rFire   . . .      SeeInvis .   a - +0 long sword
rCold   . . .      Faith    .   c - +0 buckler
rNeg    . . .      Spirit   .   g - +0 chain mail
rPois   .          Reflect  .   (helmet restricted)
rElec   .          Harm     .   (no cloak)
rCorr   .          Rampage  .   (no gloves)
Will    .....                   (no boots)
Stlth   ..........              (no amulet)
HPRegen 0.13/turn               (no ring)
MPRegen 0.08/turn               (no ring)

@: no status effects
A: horns 2, retaliatory headbutt
a: no special abilities


You were on level 3 of the Dungeon.
You visited 1 branch of the dungeon, and saw 3 of its levels.

You collected 46 gold pieces.

Inventory:

Hand Weapons
 a - a +0 long sword (weapon)
Armour
 b - a +0 scale mail
 c - a +0 buckler (worn)
 g - a +0 chain mail (worn)
Scrolls
 e - 2 scrolls of magic mapping {unknown}
 h - a scroll of identify {unknown}
 i - a scroll of teleportation {unknown}
 j - a scroll of noise {unknown}
Potions
 d - 2 potions of might
 f - a potion of berserk rage


   Skills:
 + Level 4.6 Fighting
 + Level 3.7 Long Blades
 + Level 4.4 Armour
 + Level 0.3 Dodging
 + Level 0.1 Stealth
 + Level 4.2 Shields


You had 3 spell levels left.
You didn't know any spells.
Your spell library contained the following spells:

 Spells                   Type           Power      Damage    Failure   Level
 Gell's Gravitas          Tloc           0%         N/A       100%        3
 Teleport Other           Tloc           0%         N/A       100%        3
 Dispersal                Tloc           0%         N/A       100%        6


Dungeon Overview and Level Annotations

Branches:
Dungeon (3/15)

Altars:
Cheibriados


Innate Abilities, Weirdness & Mutations

You have a pair of horns on your head.
You reflexively headbutt those who attack you in melee.


Message History

The steam dragon breathes steam at you. The ball of steam misses you.
The kobold throws a stone.
The stone barely misses you.
You hear a shout!
There is a stone staircase leading up here.
You are engulfed in a cloud of scalding steam.
You are engulfed in a cloud of scalding steam.
You block the kobold's attack.
You climb upwards.
There is a stone staircase leading down here.
You slash the kobold!
You kill the kobold!
Things that are here:
a +0 short sword; 2 stones; a kobold corpse
Things that are here:
a +0 short sword; 2 stones; a kobold corpse You start resting.
HP restored.
There is a stone staircase leading down here.
You climb downwards.
The steam dragon breathes steam at you. The ball of steam hits you!!
There is a stone staircase leading up here.
You hit the steam dragon but do no damage.
You are engulfed in a cloud of scalding steam.
The steam dragon bites you.
The steam dragon claws you but does no damage.
You barely miss the steam dragon. You headbutt the steam dragon.
The steam dragon is lightly wounded.
You are engulfed in a cloud of scalding steam.
You block the steam dragon's attack.
The steam dragon claws you but does no damage.
An orc comes into view. It is wielding a +0 hand axe.
You hit the steam dragon. You headbutt the steam dragon.
The steam dragon is moderately wounded.
The steam dragon breathes steam at you. The ball of steam hits you!
* * * LOW HITPOINT WARNING * * *
The steam dragon bites you.
You die...

##....##..#
##.#.....###
#...o......#
#....#.......#
.............#
.............#
.#####.......#
#.....D.#
#....!@.#
#...#.####
....##.# ##..
.. #. ### #


You could see a steam dragon (catching breath) and an orc.

Vanquished Creatures
  Terence (D:3)
  2 adders
  A dart slug (D:1)
  4 ball pythons
  5 endoplasms
  A giant cockroach (D:2)
  8 goblins
  6 hobgoblins
  8 jackals
  7 kobolds
  3 quokkas
  2 bats (D:1)
  2 frilled lizards
  4 rats
54 creatures vanquished.

Notes
Turn   | Place    | Note
-------+----------+-------------------------------------------
     0 | D:1      | Peloso the Minotaur Fighter began the quest for the Orb.
     0 | D:1      | Reached XP level 1. HP: 19/19 MP: 0/0
   219 | D:1      | Reached XP level 2. HP: 23/27 MP: 1/1
   549 | D:1      | Reached XP level 3. HP: 23/33 MP: 2/2
  1314 | D:2      | Found a snail-covered altar of Cheibriados.
  1420 | D:2      | Found a faded altar of an unknown god.
  1570 | D:3      | Reached XP level 4. HP: 38/41 MP: 3/3
  1594 | D:3      | Noticed Terence
  1605 | D:3      | Killed Terence
  1609 | D:3      | Noticed a steam dragon
  2142 | D:3      | HP: 1/41 [steam dragon/ball of steam (14)]
  2142 | D:3      | Slain by a steam dragon

Illustrated notes

Levels and vault maps discovered:
D:1:      dpeg_arrival_refuge, layout_basic, minmay_hexomino_c4
D:2:      layout_loops_ring, basic_altar,
          hellmonk_ecumenical_altar_pennies_from_heaven
D:3:      layout_rooms, gammafunk_temple_overflow_elements, serial_park_tiny_1,
          uniq_natasha, uniq_terence

Skill      XL: |  1  2  3 |
---------------+----------+-----
Fighting       | 4 |  4.6
Armour         | 4 |  4.4
Shields        | 4 |  4.2
Long Blades    | 3 |  3.7
Dodging        | |  0.3
Stealth        | |  0.1

Action                   |  1- 3 |  4- 6 || total
-------------------------+-------+-------++-------
Melee: Long sword        |    84 |    18 ||   102
       Headbutt          |    13 |     3 ||    16
  Use: Potion            |     3 |       ||     3
Armor: Scale mail        |    46 |       ||    46
       Chain mail        |    16 |    22 ||    38
Dodge: Dodged            |    56 |    12 ||    68
Block: Buckler           |    20 |     8 ||    28
